 Dungeon Crawl Stone Soup version 0.31-a0-180-g519b7de00c (webtiles) character file.

Game seed: 4508470716275812355

5284 rabbitsville the Skirmisher (level 10, -3/68 HPs)
             Began as a Formicid Fighter on June 20, 2023.
             Was a Believer of Hepliaklqana.
             Shot with an arrow by a centaur warrior (24 damage)
             ... on level 8 of the Dungeon.
             The game lasted 00:20:17 (6468 turns).

rabbitsville the Skirmisher (Formicid Fighter)      Turns: 6468, Time: 00:20:17

Health: -3/68      AC:  8    Str: 30    XL:     10   Next: 94%
Magic:  10/10      EV:  8    Int: 13    God:    Hepliaklqana [**....]
Gold:   396        SH:  0    Dex: 18    Spells: 9/9 levels left

rFire   x . .        q - +8 longbow "Zephyr" {speed, Dex+3 SInv}
rCold   + + +        p - +0 tower shield of Denagg {rF- rC+++ rCorr SInv}
rNeg    . . .        b - +0 scale mail
rPois   .            (helmet unavailable)
rElec   .            (no cloak)
rCorr   +            m - +0 pair of gloves
SInv    +            (no boots)
Will    +....        e - amulet of faith Stlth
                     t - +6 ring of intelligence
HPRegen 0.31/turn    x - +6 ring of strength
MPRegen 0.12/turn

%: faith
@: confused, ambrosia-drunk
A: reduced essence, permanent stasis, dig shafts and tunnels, antennae 3, four
strong arms
a: Dig, Shaft Self, Renounce Religion, Recall Ancestor, Ancestor Identity


You were on level 8 of the Dungeon.
You worshipped Hepliaklqana.
Hepliaklqana was pleased with you.
You visited 2 branches of the dungeon, and saw 9 of its levels.

You collected 396 gold pieces.

Inventory:

Hand Weapons
 a - a +1 trident
 q - the +8 longbow "Zephyr" (weapon) {speed, Dex+3 SInv}
   (You found it on level 3 of the Dungeon)

   Dex:       It affects your dexterity (+3).
   SInv:      It lets you see invisible.
Armour
 b - a +0 scale mail (worn)
 c - a +0 buckler
 m - a +0 pair of gloves (worn)
 p - the +0 tower shield of Denagg (worn) {rF- rC+++ rCorr SInv}
   (You acquired it on level 8 of the Dungeon)

   rF:        It makes you vulnerable to fire.
   rC:        It renders you almost immune to cold.
   SInv:      It lets you see invisible.
   rCorr:     It protects you from acid and corrosion.
Jewellery
 e - an amulet of faith (around neck)
 t - a +6 ring of intelligence (left hand)
 x - a +6 ring of strength (right hand)
Wands
 h - a wand of flame (39)
 D - a wand of roots (4)
Scrolls
 i - a scroll of amnesia
 n - a scroll of blinking
 o - 2 scrolls of identify
 v - a scroll of fog
 w - 2 scrolls of enchant weapon
 y - 2 scrolls of teleportation
Potions
 d - 3 potions of might
 f - 2 potions of berserk rage
 g - a potion of haste
 j - a potion of invisibility
 k - a potion of attraction
 l - 3 potions of lignification
 s - a potion of brilliance {unknown}
 A - a potion of enlightenment {unknown}
 B - a potion of mutation {unknown}
 C - 2 potions of degeneration {unknown}
 E - a potion of curing


   Skills:
 + Level 6.0 Fighting
 - Level 3.3 Polearms
 * Level 13.2 Ranged Weapons
 - Level 3.2 Armour
 + Level 8.2 Shields


You had 9 spell levels left.
You didn't know any spells.
Your spell library contained the following spells:

 Spells                   Type           Power      Damage    Failure   Level
 Lesser Beckoning         Tloc           0%         N/A       97%         2
 Momentum Strike          Conj/Tloc      0%         3d8       97%         2
 Blink                    Tloc           Unusable   N/A       N/A         2

Dungeon Overview and Level Annotations

Branches:
Dungeon (8/15)             Temple (1/1) D:4
   Lair: D:8-11

Altars:
Ashenzari
Dithmenos
Fedhas
Gozag
Hepliaklqana
Kikubaaqudgha
Makhleb
Nemelex Xobeh
Qazlal
Ru
Sif Muna
Trog
Uskayaw
Vehumet
Wu Jian
Yredelemnul
Zin

Shops:
D:6 *

Annotations:
D:6 1 runed translucent door, AwFulAwFulPlayer's ghost, novice OpMo
D:8 6 exclusions


Innate Abilities, Weirdness & Mutations

Your life essence is reduced to manifest your ancestor. (-10% HP)
You cannot be hasted, slowed, berserked, paralysed or teleported.
You can dig through walls and to a lower floor.
You have a pair of large antennae on your head. (SInv)
Your four strong arms can wield two-handed weapons with a shield.


Message History

The howler monkey is heavily wounded.
You shoot an arrow. The arrow hits the howler monkey!
The howler monkey is severely wounded.
You shoot an arrow. Baqqanum avoids your attack.
The arrow barely misses the howler monkey.
You shoot an arrow. Baqqanum avoids your attack.
The arrow hits the howler monkey!!
You kill the howler monkey!
A sky beast comes into view.
The sky beast flickers out of sight for a moment.
You see here 10 gold pieces.
You shoot an arrow. The arrow hits the sky beast!!
The sky beast is severely wounded.
You shoot an arrow. The arrow hits the sky beast!
The sky beast is almost dead.
Baqqanum misses the sky beast.
You shoot an arrow. The arrow hits the sky beast!!
You kill the sky beast!
You now have 396 gold pieces (gained 10).
The centaur warrior wields a +0 orcbow.
The centaur warrior shoots an arrow.
The arrow hits you!!
You swap places.
You shoot an arrow. Baqqanum avoids your attack.
The arrow barely misses the centaur warrior.
The centaur warrior shoots an arrow.
The arrow hits Baqqanum!!
Fire: q) +8 longbow "Zephyr" {speed, Dex+3 SInv}
Press: ? - help, Q - select action, (/) - cycle Shift-Dir - straight line, f/p - centaur warrior
Aim: a centaur warrior, wielding a +0 orcbow (ally target, 78% to hit)
You shoot an arrow. Baqqanum avoids your attack.
The arrow completely misses the centaur warrior.
The centaur warrior shoots an arrow.
The arrow hits you!!
* * * LOW HITPOINT WARNING * * *
The centaur warrior shoots an arrow.
Baqqanum blocks the arrow.
It was a potion of ambrosia.
You are confused.
You feel invigorated.
The centaur warrior shoots an arrow.
The arrow misses Baqqanum.
The arrow barely misses you.
The centaur warrior shoots an arrow.
The arrow barely misses Baqqanum.
The arrow hits you!!
You die...

#>........',,,,>,,,***
#.....c...#####,,,,**,
#.....R.......#,,,,**,
#......†<.....#,,,,,,,
#........)....#,,,,**,
#.....####†...#******,
#.....#,,#....)...,,*,
#.....#,,#.........,*,
#....@#,,#.........,*,
#.....#,,#.........,+,
#.....#,,'.........,**
#.....#,,#.........,,,
#.....#,,#........,,,,
#.....#,,*,,,,,,,,,,,,
#.....#,,*,,,,,,,,,,,,
#.....#,,*,,,,,,,,,,*+
#.....#,,*,,,,,,,,,,*,


You could see the friendly Baqqanum the knight and a centaur warrior (ally
target).

Vanquished Creatures
  A centaur warrior (D:8)
  Pikel (D:5)
  A cane toad (shapeshifter) (D:8)
  A steam dragon (D:7)
  Duvessa (D:5)
  A water moccasin (D:8)
  An orc warrior (D:6)
  An ice beast (D:8)
  3 black bears
  3 sky beasts
  A centaur (D:6)
  3 ogres
  2 lemures (D:5)
  A phantom (D:5)
  A kobold brigand (D:7)
  2 scorpions (D:6)
  Blork the orc (D:6)
  4 bullfrogs
  8 wights
  Dowan (D:5)
  2 killer bees (D:8)
  4 howler monkeys (D:8)
  An electric eel (D:8)
  4 jellies
  4 orc priests
  2 hounds
  A gnoll bouda (D:8)
  6 iguanas
  Ijyb (D:5)
  7 orc wizards
  2 sleepcaps
  Robin (D:4)
  2 adders
  A shadow imp (D:8)
  2 white imps
  2 ufetubi
  3 worms
  2 dart slugs (D:2)
  16 orcs
  5 bats
  7 endoplasms
  2 giant cockroaches
  12 hobgoblins
  4 jackals (D:2)
  5 ball pythons
  7 frilled lizards
  13 goblins
  9 kobolds
  10 rats
  A spectral orc (D:5)
176 creatures vanquished.

Vanquished Creatures (collateral kills)
  Grinder (D:6)
  A black bear (D:8)
  A howler monkey (D:8)
  A jelly (D:8)
  A shadow imp (D:7)
  A white imp (D:6)
  An orc (D:7)
7 creatures vanquished.

Vanquished Creatures (others)
  A knight (D:8)
1 creature vanquished.

Grand Total: 184 creatures vanquished

Notes
Turn   | Place    | Note
-------+----------+-------------------------------------------
     0 | D:1      | rabbitsville the Formicid Fighter began the quest for the
                  | Orb.
     0 | D:1      | Reached XP level 1. HP: 18/18 MP: 1/1
   140 | D:1      | Reached XP level 2. HP: 24/24 MP: 2/2
   355 | D:1      | Reached XP level 3. HP: 30/30 MP: 3/3
   933 | D:2      | Reached XP level 4. HP: 35/37 MP: 4/4
   991 | D:2      | Found a faded altar of an unknown god.
  1860 | D:3      | Found the +8 longbow "Zephyr" {speed, Dex+3 SInv}
  2054 | D:4      | Noticed Robin
  2056 | D:4      | Reached skill level 5 in Shields
  2141 | D:4      | Killed Robin
  2142 | D:4      | Reached XP level 5. HP: 42/42 MP: 5/5
  2146 | D:4      | Reached skill level 1 in Ranged Weapons
  2412 | D:4      | Found a staircase to the Ecumenical Temple.
  2418 | Temple   | Entered the Ecumenical Temple
  2717 | D:4      | Reached skill level 2 in Ranged Weapons
  2720 | D:4      | Reached XP level 6. HP: 40/48 MP: 6/6
  3307 | D:5      | Entered Level 5 of the Dungeon
  3317 | D:5      | Reached skill level 3 in Ranged Weapons
  3321 | D:5      | Noticed an ogre
  3324 | D:5      | Killed an ogre
  3325 | D:5      | Reached XP level 7. HP: 54/54 MP: 7/7
  3421 | D:5      | Noticed Pikel
  3437 | D:5      | Killed Pikel
  3438 | D:5      | Reached skill level 6 in Ranged Weapons
  3438 | D:5      | Reached XP level 8. HP: 27/60 MP: 8/8
  3569 | D:5      | Reached skill level 7 in Ranged Weapons
  3791 | D:5      | Noticed Dowan
  3791 | D:5      | Noticed Duvessa
  3856 | D:5      | Reached skill level 8 in Ranged Weapons
  3864 | D:5      | Killed Dowan
  3960 | D:5      | Found an opulent altar of Gozag.
  4051 | D:5      | Killed Duvessa
  4231 | D:5      | Noticed Ijyb
  4233 | D:5      | Killed Ijyb
  4347 | D:5      | Found a hazy altar of Hepliaklqana.
  4364 | D:5      | Became a worshipper of Hepliaklqana the Forgotten
  4497 | D:6      | Reached skill level 9 in Ranged Weapons
  4497 | D:6      | Reached XP level 9. HP: 65/65 MP: 9/9
  4713 | D:6      | Found a runed translucent door.
  4717 | D:6      | Noticed AwFulAwFulPlayer's ghost (novice OpMo)
  4722 | D:6      | Reached skill level 10 in Ranged Weapons
  4836 | D:6      | Noticed Blork the orc
  4840 | D:6      | Killed Blork the orc
  4848 | D:6      | Reached * piety under Hepliaklqana
  4901 | D:6      | Noticed Grinder
  4906 | D:6      | Killed Grinder
  4907 | D:6      | Reached skill level 11 in Ranged Weapons
  4985 | D:6      | Found Yhiavvub's General Store.
  5214 | D:7      | Reached XP level 10. HP: 56/63 MP: 10/10
  5262 | D:7      | Reached skill level 12 in Ranged Weapons
  5522 | D:7      | Found a glowing silver altar of Zin.
  5630 | D:7      | Reached ** piety under Hepliaklqana
  5634 | D:7      | Remembered your ancestor Baqqanum as a knight
  5942 | D:8      | Reached skill level 5 in Fighting
  6032 | D:8      | Noticed a centaur warrior
  6038 | D:8      | a raiju changed into a cane toad
  6038 | D:8      | Noticed a cane toad (shapeshifter)
  6043 | D:8      | Killed a cane toad
  6049 | D:8      | Identified a scroll of acquirement
  6049 | D:8      | Acquired the +0 tower shield of Denagg {rF- rC+++ rCorr
                  | SInv}
  6282 | D:8      | Noticed a centaur warrior
  6287 | D:8      | Killed a centaur warrior
  6288 | D:8      | Reached skill level 13 in Ranged Weapons
  6304 | D:8      | Noticed a brown ugly thing
  6309 | D:8      | Noticed a skeletal warrior
  6468 | D:8      | Shot with an arrow by a centaur warrior

Illustrated notes

Levels and vault maps discovered:
D:1:      saegor_arrival_simple_d, layout_rooms
D:2:      layout_basic, hellmonk_ecumenical_altar_arch_garden
D:3:      layout_basic, grunt_ministairs_7, hangedman_decor_opposing,
          kennysheep_path_1
D:4:      layout_loops_corners, minmay_temple_entry_statues_pillars, uniq_robin
D:5:      layout_gridville, nicolae_hepliaklqana_monster_ancestors,
          nicolae_gozag_cash_rules_everything_around_me, uniq_ijyb, uniq_pikel,
          uniq_duvessa
D:6:      layout_loops_ring, ebering_ghost_sewer_d, serial_shops, shop_statue,
          uniq_blork_the_orc, uniq_grinder
D:7:      layout_basic, old_standard_altar
D:8:      nzn_winding_woodlands_large [nzn_winding_woodlands_5x5_default,
          nzn_winding_woodlands_5x15_concentric,
          nzn_winding_woodlands_5x5_three, nzn_winding_woodlands_center_lodge,
          nzn_winding_woodlands_15x15_eel_pit,
          nzn_winding_woodlands_center_triple_pond,
          nzn_winding_woodlands_5x5_closed_star,
          nzn_winding_woodlands_5x15_parted, nzn_winding_woodlands_hourglass],
          layout_gridville
Temple:   minmay_temple_curvy_branch

Skill      XL: |  1  2  3  4  5  6  7  8  9 10 |
---------------+-------------------------------+-----
Fighting       | 4 6 |  6.0
Polearms       | 3 |  3.3
Shields        | 5 6 8 |  8.2
Ranged Weapons | 2 3 6 9 11 13 | 13.2
Armour         | |  3.2

Action                     |  1- 3 |  4- 6 |  7- 9 | 10-12 || total
---------------------------+-------+-------+-------+-------++-------
  Melee: Trident           |   110 |    58 |       |       ||   168
   Fire: Longbow           |       |    58 |   145 |   123 ||   326
 Invoke: Ancestor Life: Kn |       |       |       |     1 ||     1
Ability: Dig               |     1 |       |       |       ||     1
    Use: Potion            |       |       |    10 |     1 ||    11
         Scroll            |       |       |     2 |     7 ||     9
 Armour: Scale mail        |    40 |    38 |     4 |     4 ||    86
         Skin              |       |       |     8 |       ||     8
  Dodge: Dodged            |    50 |    28 |    21 |     8 ||   107
  Block: Buckler           |    21 |    15 |     6 |     8 ||    50
         Tower shield      |       |       |       |     2 ||     2

Table legend: (Time is in decaauts)
 A = Elapsed time spent in this place.
 B = Non-inter-level travel time spent in this place.
 C = Inter-level travel time spent in this place.
 D = Time resting spent in this place.
 E = Time spent auto-exploring this place.
 F = Levels seen in this place.
 G = Mean time per level.
                   A        B        C        D        E       F      G
               +--------+--------+--------+--------+--------+-----+--------+
         Total |   6495 |   6164 |    331 |    129 |   4666 |   9 |  721.7 |
       Dungeon |   6242 |   5915 |    327 |    129 |   4421 |   8 |  780.2 |
        Temple |    252 |    248 |      4 |      0 |    245 |   1 |  252.0 |
               +--------+--------+--------+--------+--------+-----+--------+

Top non-repeatable levels by time:
     D:5: 1139 daAuts
     D:4: 965 daAuts
     D:2: 785 daAuts
     D:3: 756 daAuts
     D:6: 750 daAuts
     D:7: 742 daAuts
     D:1: 592 daAuts
     D:8: 510 daAuts
  Temple: 252 daAuts
